 Dungeon Crawl Stone Soup version 0.22-a0-618-gd6a3efe (webtiles) character file.

608411 iamserjio the Slayer (level 27, -7/277 HPs)
             Began as a Naga Berserker on July 12, 2018.
             Was the Champion of the Shining One.
             Killed by divine providence
             ... invoked by a greater mummy
              (10 damage)
             ... on level 1 of the Tomb of the Ancients on July 13, 2018.
             The game lasted 05:30:07 (30817 turns).

iamserjio the Slayer (Naga Berserker)              Turns: 30817, Time: 05:30:08

Health: -7/277     AC: 30    Str: 21    XL:     27
Magic:  20/38      EV: 18    Int: 16    God:    the Shining One [******]
Gold:   2597       SH: 27    Dex: 16    Spells: 28/49 levels left

rFire    + . .     SeeInvis +   R - +9 broad axe (holy)
rCold    + . .     Gourm    .   v - +7 large shield of the Tired Wonders {Dex+3}
rNeg     + + +     Faith    .   A - +1 robe "Diasusea" {+Fly rElec Regen+ Str-3}
rPois    +         Spirit   .   G - +0 mask of the Dragon {MR+ Slay+3 SInv}
rElec    +         Reflect  .   p - +2 cloak {rC+}
rCorr    .         Harm     .   z - +3 pair of gloves "Dypuicw" {Str+2}
MR       +++++                  O - +2 naga barding {Fly}
Stlth    +++.......             B - amulet of regeneration
HPRegen  1.36/turn              K - ring of protection from fire
MPRegen  0.26/turn              a - ring of Kitinyen {MR++ EV+4}

@: very slightly contaminated, glowing, studying Throwing, very slow
A: large, iridescent scales 1, camouflage 1, see invisible, deformed body,
deterioration 1, poison resistance, slowness 2, slow metabolism 1, spit poison
1, constrict 1, AC +9
}: 3/15 runes: barnacled, silver, gossamer
a: Spit Poison, Divine Shield, Cleansing Flame, Summon Divine Warrior, Renounce
Religion, Evoke Flight


You were on level 1 of the Tomb of the Ancients.
You worshipped the Shining One.
The Shining One was exalted by your worship.
You were not hungry.

You visited 11 branches of the dungeon, and saw 51 of its levels.
You also visited: Labyrinth and Ice Cave.

You collected 7271 gold pieces.
You spent 4674 gold pieces at shops.

Inventory:

Hand Weapons
 m - a +6 broad axe of electrocution
 R - a +9 broad axe of holy wrath (weapon)
Missiles
 j - 2 throwing nets (quivered) {!f}
 W - 312 arrows
Armour
 d - the +2 shield of Resistance {rF+ rC+ MR+}
   (You found it on level 11 of the Dungeon)

   It protects you from fire.
   It protects you from cold.
   It affects your resistance to hostile enchantments.
 p - a +2 cloak of cold resistance (worn)
 v - the +7 large shield of the Tired Wonders (worn) {Dex+3}
   (You found it on level 3 of the Vaults)

   It affects your dexterity (+3).
 z - the +3 pair of gloves "Dypuicw" (worn) {Str+2}
   (You found it on level 5 of the Dungeon)

   It affects your strength (+2).
 A - the +1 robe "Diasusea" (worn) {+Fly rElec Regen+ Str-3}
   (You bought it in a shop on level 2 of the Orcish Mines)

   It affects your strength (-3).
   It insulates you from electricity.
   It lets you fly.
   It increases your rate of regeneration.
 G - the +0 mask of the Dragon (worn) {MR+ Slay+3 SInv}
   (You found it on level 3 of the Elven Halls)

   It affects your accuracy and damage with ranged weapons and melee attacks
   (+3).
   It affects your resistance to hostile enchantments.
   It lets you see invisible.
 I - +10 storm dragon scales {Bai Suzhen}
 O - a +2 naga barding of flying (worn)
Jewellery
 a - the ring of Kitinyen (right hand) {MR++ EV+4}
   (You found it on level 5 of the Vaults)

   [ring of evasion]

   It affects your evasion (+4).
   It affects your resistance to hostile enchantments.
 b - the amulet "Ifep" {Reflect Str+4 SH+4}
   (You acquired it on level 3 of the Crypt)

   [amulet of reflection]

   It shields you and reflects attacks.
   It affects your strength (+4).
   It affects your SH (+4).
 B - an amulet of regeneration (around neck)
 J - the ring "Peghary" {rPois rF+ rC++ Int-5 Stlth+}
   (You found it on level 2 of the Crypt)

   [ring of protection from fire]

   It affects your intelligence (-5).
   It protects you from fire.
   It greatly protects you from cold.
   It protects you from poison.
   It makes you more stealthy.
 K - a ring of protection from fire (left hand)
Wands
 w - a wand of digging (22)
 D - a wand of acid (23)
 Y - a wand of iceblast (8)
Scrolls
 e - 10 scrolls of remove curse {@r2}
 k - 8 scrolls of teleportation
 l - 8 scrolls of fear
 o - 3 scrolls of silence
 r - 7 scrolls of immolation
 u - 4 scrolls of holy word
 x - 10 scrolls of magic mapping
 E - 9 scrolls of identify {@r1}
 P - 2 scrolls of fog
 V - a scroll of summoning
Potions
 f - 4 potions of might
 i - 3 potions of berserk rage
 n - 2 potions of resistance
 q - 10 potions of curing {@q1}
 t - 2 potions of magic
 C - 9 potions of brilliance
 F - a potion of flight
 M - 10 potions of haste
 N - 2 potions of ambrosia
 Q - 4 potions of mutation
 S - 5 potions of cancellation
 U - 5 potions of heal wounds
 X - a potion of agility
Books
 T - a manual of Throwing
Miscellaneous
 h - a fan of gales
 s - a phial of floods
 y - a box of beasts
 H - a lightning rod (4/4)
 L - a lamp of fire
 Z - 6 phantom mirrors
Comestibles
 c - 48 rations


   Skills:
 - Level 22.0 Fighting
 - Level 20.0 Axes
 - Level 6.1 Throwing
 - Level 11.0 Armour
 - Level 9.0 Dodging
 - Level 17.0 Stealth
 - Level 15.0 Shields
 + Level 11.9 Spellcasting
 - Level 8.0 Translocations
 * Level 12.0 Transmutations
 * Level 12.0 Earth Magic
 + Level 18.8 Invocations
 - Level 6.0 Evocations


You had 28 spell levels left.
You knew the following spells:

 Your Spells              Type           Power        Failure   Level  Hunger
a - Apportation           Tloc           #####.       1%          1    None
b - Sticks to Snakes      Tmut           #####...     1%          2    None
c - Passwall              Tmut/Erth      #####...     1%          2    None
d - Passage of Golubria   Tloc           N/A          2%          4    ##.....
e - Summon Butterflies    Summ           #.......     8%          1    None
f - Blink                 Tloc           N/A          1%          2    None
g - Lesser Beckoning      Tloc           #####.....   1%          3    None
h - Statue Form           Tmut/Erth      #####....    9%          6    ######.

Your spell library contained the following spells:

 Spells                   Type           Power        Failure   Level  Hunger
 Magic Dart               Conj           #...         8%          1    None
 Fireball                 Conj/Fire      #.........   91%         5    #####..
 Bolt of Fire             Conj/Fire      #.........   100%        6    ######.
 Lightning Bolt           Conj/Air       #.........   91%         5    #####..
 Bolt of Magma            Conj/Fire/Erth ###.......   36%         5    #####..
 Confuse                  Hex            #.......     22%         3    None
 Invisibility             Hex            #.......     100%        6    ######.
 Controlled Blink         Tloc           N/A          100%        8    #######
 Ring of Flames           Chrm/Fire      #.........   100%        7    #######
 Venom Bolt               Conj/Pois      #.........   91%         5    #####..
 Teleport Other           Tloc           #####...     1%          3    None
 Death's Door             Chrm/Necr      #.........   100%        8    #######
 Summon Small Mammal      Summ           #...         8%          1    None
 Iskenderun's Mystic Bla  Conj           #.......     58%         4    ##.....
 Animate Dead             Necr           N/A          58%         4    ##.....
 Pain                     Necr           #...         8%          1    None
 Animate Skeleton         Necr           N/A          8%          1    None
 Vampiric Draining        Necr           #.........   22%         3    None
 Haunt                    Necr/Summ      #.........   100%        7    #######
 Borgnjor's Revivificati  Necr           #.........   100%        8    #######
 Summon Ice Beast         Ice/Summ       #.......     58%         4    ##.....
 Call Imp                 Summ           #.......     12%         2    None
 Dispel Undead            Necr           #.......     91%         5    #####..
 Regeneration             Chrm/Necr      #.........   22%         3    None
 Sublimation of Blood     Necr           #.........   12%         2    None
 Tukima's Dance           Hex            #.......     22%         3    None
 Corpse Rot               Necr           N/A          12%         2    None
 Iron Shot                Conj/Erth      ####......   67%         6    ######.
 Swiftness                Chrm/Air       #.......     12%         2    None
 Spider Form              Tmut/Pois      ####......   1%          3    None
 Blade Hands              Tmut           #####.....   1%          5    #####..
 Ice Form                 Ice/Tmut       ####....     6%          4    ##.....
 Necromutation            Tmut/Necr      ####......   100%        8    #######
 Deflect Missiles         Chrm/Air       #.........   100%        6    ######.
 Confusing Touch          Hex            #.....       8%          1    None
 Ignite Poison            Fire/Tmut/Pois ###.....     4%          3    None
 Call Canine Familiar     Summ           #.......     22%         3    None
 Ensorcelled Hibernation  Hex/Ice        #.....       12%         2    None
 Silence                  Hex/Air        #.........   91%         5    #####..
 Shatter                  Erth           #####.....   100%        9    #######
 Dispersal                Tloc           #####.....   38%         6    ######.
 Static Discharge         Conj/Air       #.......     22%         3    None
 Corona                   Hex            #......      8%          1    None
 Alistair's Intoxication  Tmut/Pois      ####....     17%         5    #####..
 Lee's Rapid Deconstruct  Erth           #####.....   1%          5    #####..
 Conjure Ball Lightning   Conj/Air       #.........   100%        6    ######.
 Portal Projectile        Hex/Tloc       ###...       4%          3    None
 Petrify                  Tmut/Erth      #####...     1%          4    ##.....
 Orb of Destruction       Conj           #.........   100%        7    #######
 Tornado                  Air            #.........   100%        9    #######
 Leda's Liquefaction      Hex/Erth       ####......   6%          4    ##.....
 Summon Hydra             Summ           #.........   100%        7    #######
 Darkness                 Hex            #.........   100%        6    ######.
 Shroud of Golubria       Chrm/Tloc      ###.......   2%          2    None
 Beastly Appendage        Tmut           #####.       1%          1    None
 Disjunction              Tloc           #####.....   100%        8    #######
 Iskenderun's Battlesphe  Conj/Chrm      #.......     91%         5    #####..
 Fulminant Prism          Conj/Hex       #.........   58%         4    ##.....
 Dazzling Spray           Conj/Hex       #.....       22%         3    None
 Force Lance              Conj/Tloc      ###.....     14%         4    ##.....
 Infusion                 Chrm           #...         8%          1    None
 Song of Slaying          Chrm           #.......     12%         2    None
 Spectral Weapon          Hex/Chrm       #.......     22%         3    None
 Searing Ray              Conj           #.....       12%         2    None
 Summon Lightning Spire   Summ/Air       #.......     58%         4    ##.....
 Summon Guardian Golem    Hex/Summ       #.......     22%         3    None
 Spellforged Servitor     Conj/Summ      #.........   100%        7    #######
 Summon Mana Viper        Hex/Summ       #.......     91%         5    #####..
 Irradiate                Conj/Tmut      ####......   17%         5    #####..
 Gell's Gravitas          Tloc           #####.....   1%          3    None
 Infestation              Necr           #.........   100%        8    #######
 Poisonous Vapours        Pois/Air       #.....       12%         2    None
 Ignition                 Fire           #.........   100%        8    #######


Dungeon Overview and Level Annotations

Branches:
Dungeon (15/15)            Temple (1/1) D:4            Lair (6/6) D:11
 Shoals (4/4) Lair:4       Spider (4/4) Lair:3        Slime (0/5) Lair:6
    Orc (2/2) D:10            Elf (3/3) Orc:2        Vaults (5/5) D:14
  Crypt (3/3) Vaults:2       Tomb (3/3) Crypt:3      Depths (5/5) D:15
    Zot: Depths:5

Altars:
Ashenzari
Elyvilon
Fedhas
Hepliaklqana
Kikubaaqudgha
Makhleb
Nemelex Xobeh
Ru
Sif Muna
Trog
Uskayaw
Vehumet
Wu Jian
Yredelemnul
The Shining One
Beogh
Lugonu

Shops:
D:4 ?   D:9 *   D:11 !   D:13 (   Orc:2 [?:!   Elf:2 :   Shoals:2 *
Vaults:2 !   Vaults:4 :[

Portals:
Hell: Depths:1 Depths:2 Depths:3 Depths:4
Abyss: Depths:3 Depths:4
Pandemonium: Orc:2 Depths:2
Ziggurat: Depths:4

Annotations:
D:7 1 runed door, digijack's ghost, novice HOAK
D:11 1 runed door
Orc:1 2 transporters, Nicwaq's ghost, journeyman HOMo
Elf:2 3 runed doors
Crypt:3 1 exclusion
Tomb:3 Khufu


Innate Abilities, Weirdness & Mutations

You cannot wear boots.
Your serpentine skin is tough. (AC +9)
You have supernaturally acute eyesight. (SInv)
Armour fits poorly on your strangely shaped body.
Your system is resistant to poisons. (rPois)
You cover ground very slowly.
You have a slow metabolism.
You can spit poison.
You can use your snake-like lower body to constrict enemies.
You are partially covered in iridescent scales. (AC +2)
Your skin changes colour to match your surroundings (Stealth+).
Your body sometimes deteriorates upon taking damage.


Message History

You are very lightly contaminated with residual magic.
As you read the scroll of blinking, it crumbles to dust.
The greater mummy calls on the powers of darkness!
The emperor scorpion convulses! x3
Your body is wracked with pain!
* * * LOW HITPOINT WARNING * * *
A greater mummy comes into view.
The greater mummy points at you and mumbles some strange words.
Something smites you!
* * * LOW HITPOINT WARNING * * *
Blink to where?
Press: ? - help, Dir - move target cursor
As you read the scroll of blinking, it crumbles to dust.
You revert to your normal fleshy form.
The +3 pair of gloves "Dypuicw" {Str+2} unmelds from your body.
Your +2 naga barding of flying unmelds from your body.
The +1 robe "Diasusea" {+Fly rElec Regen+ Str-3} unmelds from your body.
The greater mummy casts a spell at you. Something smites you!
You die...

....###########++# #.8..)8.#
....# ..#.§#. #.......# ....#
#........# #.......# ....#
##....M.## #.8...8.# ....#
#.ss##...# #.......# ....#
#.Ms##...# #.......# ....#
##§.s...## #.8...8.# ....#
#MM..ss..# #.......# ....# #2M#
#.@# #.......# ....# #### ####
#.8...8.#
....##################.......####
.................................
.......................8...8.....
.../.............................
.................................
.................................
........................⌠.⌠......


You could see 3 greater mummies, 5 emperor scorpions and a mummy.

Vanquished Creatures
  4 ancient liches
  A juggernaut (Depths:2)
  9 greater mummies
  Bai Suzhen (Spider:4)
  Saint Roka (Crypt:2)
  4 caustic shrikes
  2 golden dragons
  The ghost of Cunubiurch the Eclecticist, a veteran VSSu of Ashenzari (Crypt:2)
  A bone dragon (Crypt:3)
  5 tentacled monstrosities
  2 liches (Crypt:3)
  3 titans
  2 deep elf blademasters (Elf:3)
  Polyphemus (Shoals:4)
  2 quicksilver dragons
  A deep elf master archer (Elf:3)
  Frances (Shoals:2)
  6 sphinxes
  Kirke (Shoals:2)
  4 ancient champions
  10 tengu reavers
  3 storm dragons
  19 fire giants
  10 frost giants
  A shadow dragon (Vaults:5)
  A ghost moth (shapeshifter) (D:15)
  A revenant (Crypt:2)
  7 deep elf sorcerers
  5 emperor scorpions (Spider:4)
  15 vault wardens
  Aizul (Depths:2)
  A spriggan defender (Depths:4)
  3 ghost moths
  An orc warlord (Vaults:5)
  2 curse skulls (Crypt:2)
  14 ironheart preservers
  4 war gargoyles (Crypt:3)
  6 deep elf elementalists
  11 vampire knights
  7 ghouls
  A reaper (Crypt:2)
  29 very ugly things
  3 entropy weavers
  26 stone giants
  A lorocyproca (Depths:2)
  7 deep elf demonologists
  8 bennus
  11 spark wasps
  15 deep elf annihilators
  4 deep elf death magi
  14 ettins
  Snorg (Orc:1)
  4 eidola (Crypt:2)
  2 quicksilver dragon zombies
  4 merfolk javelineers (Shoals:4)
  2 blizzard demons
  5 merfolk impalers
  3 crystal guardians (Crypt:3)
  7 jiangshi
  A fire dragon (shapeshifter) (Depths:4)
  11 deep elf high priests
  16 mummy priests
  12 ogre magi
  13 fire dragons
  11 great orbs of eyes
  19 yaktaur captains
  13 ice dragons
  29 vault guards
  2 catoblepae
  2 hydras (Lair:6)
  8 rakshasas
  2 alligator snapping turtles
  3 merfolk avatars
  6 spriggan air magi
  6 death knights
  8 centaur warriors
  A satyr (Shoals:3)
  2 merfolk aquamancers (Shoals:4)
  An anaconda (shapeshifter) (Vaults:5)
  15 dancing weapons
  A two-headed ogre (shapeshifter) (Vaults:5)
  4 death yaks
  10 tengu warriors
  14 deep troll earth magi
  63 two-headed ogres
  64 death scarabs
  Urug (D:12)
  6 deep troll shamans
  3 spriggan berserkers
  19 hell knights
  6 vampire magi
  Sonja (Orc:2)
  4 orc high priests
  2 titan skeletons
  5 sun demons
  A soul eater (Depths:1)
  2 iron trolls
  4 large abominations (Elf:1)
  A salamander mystic (Depths:4)
  13 deep elf knights
  A golden dragon zombie (Crypt:3)
  14 sea snakes
  34 skeletal warriors
  3 unseen horrors
  An infernal demonspawn (Depths:2)
  A spark wasp zombie (Depths:2)
  36 deep trolls
  A death drake (shapeshifter) (Depths:3)
  12 deep elf archers
  5 flayed ghosts
  3 glowing orange brains
  4 wizards
  An anaconda zombie (Crypt:3)
  A shadow dragon zombie (Crypt:3)
  An obsidian statue (Depths:1)
  11 phantasmal warriors
  A harpy (shapeshifter) (Depths:4)
  13 ironbrand convokers
  44 deep elf magi
  A spectral wolf spider (Spider:4)
  A tengu zombie (Depths:4)
  A wolf spider zombie (Spider:4)
  15 necromancers
  21 harpies
  16 orc knights
  A wolf spider (shapeshifter) (Vaults:4)
  9 orb spiders
  22 wolf spiders
  A faun (shapeshifter) (Depths:2)
  35 ugly things
  2 salamanders (Depths:4)
  6 orc sorcerers
  A shining eye (shapeshifter) (Depths:3)
  A stone giant zombie (Tomb:2)
  17 cyclopes
  3 frost giant zombies
  A shadow dragon skeleton (Crypt:3)
  A tengu skeleton (Vaults:3)
  13 manticores
  A fire giant zombie (Vaults:4)
  8 fauns
  4 elephants (Lair:4)
  2 frost giant skeletons
  A human skeleton (Vaults:4)
  A stone giant skeleton (Crypt:3)
  A centaur zombie (D:13)
  2 rust devils (Orc:2)
  4 merfolk sirens
  2 fire giant skeletons
  A shock serpent zombie (Tomb:3)
  A guardian serpent (shapeshifter) (D:15)
  A moth of wrath (Spider:4)
  2 black mambas (Lair:3)
  7 spiny frogs
  2 ice statues (IceCv)
  4 water nymphs
  A titan simulacrum (Vaults:4)
  11 vault sentinels
  A torpor snail (Spider:4)
  A water nymph (shapeshifter) (Depths:2)
  A spiny frog (shapeshifter) (Vaults:5)
  4 orange demons
  A rime drake (shapeshifter) (Vaults:3)
  A gargoyle (D:15)
  2 rime drakes (Lair:6)
  An efreet (D:13)
  58 yaktaurs
  15 freezing wraiths
  6 komodo dragons
  9 demonic crawlers
  2 yaktaurs (shapeshifter)
  A spriggan skeleton (Depths:2)
  A redback zombie (Spider:4)
  3 spectral redbacks (Spider:4)
  2 hellwings
  A pale draconian skeleton (Crypt:2)
  16 ice devils
  2 small abominations (Elf:3)
  A white draconian skeleton (Crypt:2)
  A queen bee (shapeshifter) (Elf:1)
  2 trolls (shapeshifter)
  2 red devils
  4 tengu conjurers
  24 merfolk
  A meliai (D:12)
  2 spectral jumping spiders (Spider:4)
  33 guardian mummies
  12 trolls
  24 jumping spiders
  5 spectral tarantellas (Spider:4)
  4 wind drakes
  12 polar bears
  15 hornets
  A death drake skeleton (Crypt:1)
  A bog body (Crypt:2)
  A jumping spider zombie (Spider:4)
  3 tarantella zombies (Spider:4)
  A dream sheep (shapeshifter) (D:13)
  14 dream sheep
  4 blink frogs (Lair:3)
  7 hippogriffs
  2 meliai zombies
  36 slime creatures
  3 hydra skeletons
  16 snapping turtles
  74 redbacks
  4 vampires
  A frost giant simulacrum (Depths:4)
  43 flying skulls
  A black mamba zombie (Tomb:2)
  10 spriggans
  19 tarantellas
  2 wyverns
  Eustachio (D:4)
  2 air elementals
  41 yaks
  3 shadows
  4 hogs
  6 water elementals
  A yak (shapeshifter) (Vaults:4)
  A fire elemental (Elf:1)
  9 wraiths
  7 basilisks
  A golden eye (Spider:2)
  10 ushabtiu
  2 chaos spawn (Orc:2)
  A basilisk (shapeshifter) (Vaults:4)
  4 hungry ghosts
  3 vampire mosquitoes (D:15)
  An elf simulacrum (Depths:4)
  6 wargs
  An acid dragon (D:15)
  3 soldier ants
  2 swamp worms (shapeshifter)
  4 swamp worms (Lair:1)
  7 water moccasins
  A porcupine (shapeshifter) (D:15)
  2 sky beasts
  5 porcupines
  A spectral hornet (Spider:4)
  3 human zombies
  A lindwurm zombie (Crypt:1)
  48 orc warriors
  A floating eye (shapeshifter) (Depths:3)
  3 black bears
  5 phantoms
  2 black bears (shapeshifter)
  2 eyes of draining
  6 ice beasts
  2 manticore zombies
  5 necrophages
  30 ogres
  9 boggarts
  A hog zombie (Crypt:2)
  A boggart (shapeshifter) (Elf:3)
  8 centaurs
  17 wolves
  10 crocodiles
  A big kobold (D:9)
  4 elf zombies (Elf:1)
  15 bullfrogs
  An earth elemental (Elf:2)
  2 wyvern skeletons
  A shapeshifter zombie (Crypt:2)
  3 troll zombies (D:10)
  2 scorpions
  A human simulacrum (Vaults:1)
  12 killer bees
  28 wights
  4 howler monkeys
  14 crimson imps
  2 bullfrog zombies (D:12)
  A basilisk zombie (Crypt:2)
  4 quasits
  4 iron imps
  7 jellies
  28 orc priests
  6 hounds
  A wyvern simulacrum (D:14)
  An iguana (D:10)
  Jessica (D:3)
  4 centaur skeletons
  11 worker ants
  17 orc wizards
  A porcupine zombie (Crypt:1)
  A killer bee zombie (D:10)
  5 ogre zombies (D:10)
  2 hound zombies
  39 mummies
  3 worker ant zombies
  A howler monkey skeleton (D:10)
  A scorpion zombie (Crypt:2)
  11 adders
  7 shadow imps
  9 white imps
  6 ufetubi (IceCv)
  An adder skeleton (D:5)
  An adder zombie (D:7)
  A halfling skeleton (Crypt:1)
  4 worms
  A barachi zombie (Crypt:2)
  A dart slug (D:5)
  2 leopard geckos
  78 orcs
  2 giant cockroaches
  5 goblins
  2 hobgoblins (D:1)
  14 jackals
  7 kobolds
  4 quokkas
  A ball python (D:4)
  3 bats (D:1)
  3 frilled lizards
  4 goblin skeletons (D:10)
  4 goblin zombies (D:10)
  A hobgoblin skeleton (D:10)
  A leopard gecko skeleton (D:6)
  3 orc skeletons (D:10)
  13 orc zombies (D:10)
  A quokka zombie (D:5)
  3 rats (D:1)
  7 plants
2361 creatures vanquished.

Vanquished Creatures (collateral kills)
  Sojobo (Vaults:3)
  A greater mummy (Tomb:2)
  2 caustic shrikes (Depths:2)
  A golden dragon (Vaults:5)
  2 tentacled monstrosities
  An ancient champion (Tomb:2)
  A storm dragon (Depths:4)
  A fire giant (Vaults:5)
  A ghost moth (Spider:3)
  A frost giant (Vaults:5)
  2 stone giants (Vaults:5)
  2 spriggan defenders (Depths:4)
  A bennu (Tomb:3)
  A deep elf demonologist (Vaults:5)
  A minotaur (Lab)
  A deep elf death mage (Vaults:5)
  6 mummy priests
  A yaktaur captain (Vaults:5)
  2 great orbs of eyes
  A vault guard (Vaults:5)
  2 two-headed ogres
  12 death scarabs
  A spriggan berserker (Depths:4)
  3 orc high priests (Orc:2)
  2 hell knights (Depths:4)
  A deep troll (Vaults:5)
  2 torturous demonspawn (Orc:2)
  A wolf spider (Spider:3)
  2 orb spiders
  An ironbrand convoker (Vaults:3)
  An orc knight (Orc:1)
  An orc sorcerer (Orc:2)
  An ice devil (IceCv)
  2 yaktaurs (Depths:4)
  7 guardian mummies
  A jumping spider (Spider:3)
  3 polar bears
  A hornet (Lair:6)
  2 flying skulls (Tomb:3)
  A redback (Spider:3)
  4 spriggans (Lair:6)
  A tarantella (Spider:2)
  An ushabti (Tomb:3)
  3 orc warriors (Orc:1)
  A wolf (Lair:6)
  2 ogres (Orc:1)
  A crocodile (Lair:6)
  An orc wizard (Orc:1)
  2 mummies
  6 orcs
99 creatures vanquished.

Vanquished Creatures (others)
  An ancient champion (Tomb:2)
  A bennu (Tomb:1)
  A vault guard (Vaults:3)
  6 death scarabs
  A skeletal warrior (Tomb:2)
  A spectral wolf spider (Spider:4)
  A wolf spider zombie (Spider:4)
  An ironbrand convoker (Vaults:3)
  A merfolk siren (Shoals:2)
  A yaktaur (Depths:3)
  A human (Shoals:2)
  A spectral tarantella (Spider:4)
  A tarantella zombie (Spider:4)
  5 flying skulls
  A spectral hornet (Spider:4)
  An eye of draining (D:15)
  A hornet zombie (Spider:4)
  A centaur (Vaults:4)
  2 wights (D:7)
  A quasit (Depths:2)
  An orc priest (Crypt:1)
  A mummy (Tomb:2)
  5 ufetubi (IceCv)
  A fungus (Lair:6)
  3 plants (Lair:1)
41 creatures vanquished.

Grand Total: 2501 creatures vanquished

Notes
Turn   | Place    | Note
-------+----------+-------------------------------------------
     0 | D:1      | iamserjio the Naga Berserker began the quest for the Orb.
     0 | D:1      | Reached XP level 1. HP: 21/21 MP: 1/1
   112 | D:1      | Reached XP level 2. HP: 27/28 MP: 2/2
   194 | D:1      | Reached skill level 1 in Stealth
   388 | D:3      | Reached XP level 3. HP: 23/34 MP: 3/3
   486 | D:4      | Reached ** piety under Trog
   486 | D:4      | Reached XP level 4. HP: 23/42 MP: 4/4
   538 | D:4      | Found Taeted's Magic Scroll Shop.
   541 | D:4      | Bought a scroll of magic mapping for 35 gold pieces
   541 | D:4      | Bought a scroll of identify for 20 gold pieces
   554 | D:4      | Noticed Eustachio
   570 | D:4      | Killed Eustachio
   570 | D:4      | Reached XP level 5. HP: 50/50 MP: 5/5
   589 | D:4      | Noticed an ogre
   607 | D:4      | Killed an ogre
   607 | D:4      | Reached skill level 4 in Fighting
   607 | D:4      | Reached XP level 6. HP: 57/57 MP: 6/6
   645 | D:4      | Noticed a phantom
   647 | D:4      | Found a staircase to the Ecumenical Temple.
   658 | D:4      | Reached skill level 5 in Axes
   670 | D:4      | Killed a phantom
   713 | D:5      | Entered Level 5 of the Dungeon
   731 | D:5      | Reached XP level 7. HP: 55/64 MP: 7/7
   991 | D:3      | Noticed Jessica
   996 | D:3      | Killed Jessica
  1163 | D:6      | Reached skill level 5 in Stealth
  1203 | D:6      | Reached *** piety under Trog
  1221 | D:6      | Found a radiant altar of Vehumet.
  1363 | D:5      | Got a pair of brightly glowing gloves
  1372 | D:5      | Identified the +3 pair of gloves "Dypuicw" {Str+2} (You found it on level 5 of the Dungeon)
  1439 | D:5      | Reached XP level 8. HP: 73/73 MP: 8/8
  1661 | D:6      | Reached skill level 5 in Fighting
  2032 | D:7      | Noticed a hippogriff
  2038 | D:7      | Killed a hippogriff
  2038 | D:7      | Reached XP level 9. HP: 82/82 MP: 9/9
  2089 | D:7      | Reached skill level 6 in Fighting
  2095 | D:7      | Reached **** piety under Trog
  2359 | D:8      | Got a translucent leather armour
  2383 | D:8      | Reached skill level 1 in Shields
  2385 | D:8      | Reached skill level 5 in Armour
  2396 | D:8      | Noticed a two-headed ogre
  2434 | D:8      | Paralysed by fainting for 7 turns
  2495 | D:8      | Noticed a two-headed ogre
  2509 | D:8      | Killed a two-headed ogre
  2509 | D:8      | Reached XP level 10. HP: 92/92 MP: 10/10
  2592 | D:8      | Reached skill level 7 in Fighting
  2726 | D:7      | Found a runed door.
  2726 | D:7      | Noticed digijack's ghost (novice HOAK)
  2794 | D:7      | Killed a two-headed ogre
  2912 | D:8      | Identified the +3 leather armour of Hadjma {rElec MR+ Str+4} (You found it on level 8 of the Dungeon)
  3017 | D:9      | Noticed a two-headed ogre
  3020 | D:9      | Reached skill level 10 in Stealth
  3026 | D:9      | Killed a two-headed ogre
  3026 | D:9      | Reached skill level 10 in Axes
  3115 | D:10     | Entered Level 10 of the Dungeon
  3194 | D:10     | Reached XP level 11. HP: 81/102 MP: 11/11
  3294 | D:10     | Found a staircase to the Orcish Mines.
  3304 | D:10     | Reached ***** piety under Trog
  3314 | D:10     | Reached skill level 8 in Fighting
  3494 | D:9      | Found Oschefupn's Elemental Accessories.
  3512 | D:9      | Bought a wand of iceblast (5) for 135 gold pieces
  3879 | D:10     | Noticed a centaur warrior
  3888 | D:10     | Killed a centaur warrior
  3908 | D:11     | Noticed a two-headed ogre
  4019 | D:10     | Received a gift from Trog
  4273 | Orc:1    | Entered Level 1 of the Orcish Mines
  4330 | Orc:1    | Noticed Nicwaq's ghost (journeyman HOMo)
  4332 | Orc:1    | Found a transporter.
  4337 | Orc:1    | Found a transporter.
  4338 | Orc:1    | Noticed a two-headed ogre
  4348 | Orc:1    | Killed a two-headed ogre
  4348 | Orc:1    | Reached XP level 12. HP: 112/112 MP: 12/12
  4349 | Orc:1    | Noticed an orc high priest
  4362 | Orc:1    | Killed an orc high priest
  4367 | Orc:1    | Reached skill level 9 in Fighting
  4516 | Orc:1    | Noticed Snorg
  4516 | Orc:1    | Noticed a two-headed ogre
  4538 | Orc:1    | Killed Snorg
  4542 | Orc:1    | Killed a two-headed ogre
  4568 | Orc:1    | Found a roughly hewn altar of Beogh.
  4622 | Orc:2    | Entered Level 2 of the Orcish Mines
  4633 | Orc:2    | Found a staircase to the Elven Halls.
  4825 | Orc:2    | Noticed Sonja
  4833 | Orc:2    | Killed Sonja
  5107 | Orc:2    | Found Peustu's Magic Scroll Boutique.
  5134 | Orc:2    | Found Kuevy's Distillery.
  5190 | Orc:2    | Bought a potion of invisibility for 128 gold pieces
  5190 | Orc:2    | Bought a potion of curing for 48 gold pieces
  5190 | Orc:2    | Bought a potion of heal wounds for 80 gold pieces
  5190 | Orc:2    | Bought a potion of degeneration for 16 gold pieces
  5366 | Orc:2    | Noticed an orc high priest
  5377 | Orc:2    | Killed an orc high priest
  5420 | Orc:2    | Gained mutation: You can use your snake-like lower body to constrict enemies. [Naga growth]
  5420 | Orc:2    | Reached XP level 13. HP: 123/123 MP: 13/13
  5423 | Orc:2    | Reached skill level 10 in Fighting
  5520 | Orc:2    | Found Qivagh's Book Emporium.
  5520 | Orc:2    | Found Viudoamy's Antique Armour Shoppe.
  5520 | Orc:2    | Found a one-way gate leading to the halls of Pandemonium.
  5533 | Orc:2    | Bought a shiny shield for 255 gold pieces
  5533 | Orc:2    | Bought a brightly glowing scale mail for 306 gold pieces
  5543 | Orc:2    | Identified the +5 scale mail of Beauty {rN+ Str+3} (You bought it in a shop on level 2 of the Orcish Mines)
  5585 | Orc:2    | Bought a scroll of teleportation for 42 gold pieces
  5585 | Orc:2    | Bought a scroll of enchant weapon for 105 gold pieces
  5585 | Orc:2    | Bought a scroll of fear for 49 gold pieces
  5585 | Orc:2    | Bought a scroll of fear for 49 gold pieces
  5704 | D:11     | Found Geiruvug's Distillery.
  5753 | D:11     | Found a runed door.
  5767 | D:11     | Noticed a fire dragon
  5769 | D:11     | Noticed an ice dragon
  5771 | D:11     | Found the +2 shield of Resistance {rF+ rC+ MR+}
  5771 | D:11     | Noticed an ice dragon
  5771 | D:11     | Noticed a fire dragon
  5801 | D:11     | Found a staircase to the Lair.
  6018 | Lair:1   | Entered Level 1 of the Lair of Beasts
  6033 | Lair:1   | Found a labyrinth entrance.
  6093 | Lab      | Entered a labyrinth
  6329 | Lab      | Noticed a minotaur
  6334 | Lab      | Killed a minotaur
  6397 | Lair:1   | Identified the Guide on the Compass and Calling
  6698 | Lair:3   | Reached skill level 15 in Stealth
  6797 | Lair:4   | Reached skill level 5 in Shields
  6957 | Lair:4   | Found a staircase to the Shoals.
  6964 | Lair:4   | Reached skill level 11 in Fighting
  6977 | Lair:4   | Reached XP level 14. HP: 135/135 MP: 14/14
  7157 | Lair:6   | Entered Level 6 of the Lair of Beasts
  7228 | Lair:6   | Found a staircase to the Slime Pits.
  7236 | Lair:6   | Reached skill level 1 in Evocations
  7413 | Lair:6   | Reached skill level 15 in Axes
  7539 | Lair:6   | Received a gift from Trog
  7563 | Lair:6   | Got a jewelled hand axe {god gift}
  7564 | Lair:6   | Identified the +8 hand axe of Mourning {chop, rC+ Stlth+} (Trog gifted it to you on level 6 of the Lair of Beasts)
  8325 | Lair:3   | Found a hole to the Spider Nest.
  8381 | Spider:1 | Entered Level 1 of the Spider Nest
  8415 | Spider:1 | Received a gift from Trog
  8736 | Spider:2 | You fall through a shaft!
  8736 | Spider:3 | Noticed a ghost moth
  8743 | Spider:3 | Reached XP level 15. HP: 110/144 MP: 0/18
  8744 | Spider:3 | Killed a ghost moth
  8836 | Spider:3 | Found a frozen archway.
  8856 | IceCv    | Entered an ice cave
  9206 | Spider:3 | Noticed a ghost moth
  9219 | Spider:3 | Killed a ghost moth
  9438 | Spider:3 | Reached skill level 12 in Fighting
  9485 | Spider:3 | Noticed a ghost moth
  9494 | Spider:3 | Killed a ghost moth
  9517 | Spider:4 | Entered Level 4 of the Spider Nest
  9528 | Spider:4 | Received a gift from Trog
  9528 | Spider:4 | Reached skill level 5 in Evocations
  9796 | Spider:4 | Noticed a ghost moth
  9805 | Spider:4 | Killed a ghost moth
  9842 | Spider:4 | Noticed an emperor scorpion
  9859 | Spider:4 | Noticed an emperor scorpion
  9871 | Spider:4 | Killed an emperor scorpion
  9875 | Spider:4 | Killed an emperor scorpion
  9881 | Spider:4 | Noticed an emperor scorpion
  9883 | Spider:4 | Reached XP level 16. HP: 96/152 MP: 13/20
 10278 | Spider:4 | Noticed Bai Suzhen
 10418 | Spider:4 | Got a gossamer rune of Zot
 10523 | Spider:4 | Killed Bai Suzhen
 10584 | Spider:3 | Reached skill level 5 in Dodging
 10619 | Spider:3 | Got an encrusted buckler
 10666 | Spider:3 | Identified the +0 buckler "Jas Jumi" {Str+2} (You found it on level 3 of the Spider Nest)
 11173 | Shoals:1 | Entered Level 1 of the Shoals
 11316 | Shoals:1 | Reached skill level 13 in Fighting
 11368 | Shoals:2 | Noticed Kirke
 11382 | Shoals:2 | Killed Kirke
 11541 | Shoals:2 | Noticed Frances
 11613 | Shoals:2 | Killed Frances
 11613 | Shoals:2 | Reached XP level 17. HP: 164/164 MP: 21/21
 11696 | Shoals:3 | Reached skill level 10 in Shields
 11710 | Shoals:4 | Entered Level 4 of the Shoals
 11713 | Shoals:4 | Noticed Polyphemus
 12055 | Shoals:4 | Killed Polyphemus
 12136 | Shoals:4 | Reached skill level 14 in Fighting
 12189 | Shoals:4 | Found the +7 great mace "Firestarter" {inner flame, rF++}
 12672 | Shoals:4 | Reached skill level 15 in Fighting
 12696 | Shoals:4 | Got a barnacled rune of Zot
 12881 | Shoals:2 | Found Tebum's Island Escapes.
 13190 | Shoals:2 | Reached skill level 16 in Fighting
 13257 | Shoals:2 | Reached XP level 18. HP: 150/181 MP: 22/22
 13301 | Shoals:2 | Bought 2 scrolls of fog for 64 gold pieces
 13301 | Shoals:2 | Bought a scroll of blinking for 120 gold pieces
 13301 | Shoals:2 | Bought a scroll of teleportation for 48 gold pieces
 13301 | Shoals:2 | Bought a scroll of fog for 32 gold pieces
 13630 | D:11     | Found a runed door.
 13671 | D:11     | Bought a potion of curing for 45 gold pieces
 13850 | D:12     | Noticed Urug
 13860 | D:12     | Killed Urug
 14140 | D:13     | Found Zeczun's Antique Weapon Shop.
 14197 | D:13     | Found a blossoming altar of Fedhas.
 14201 | D:13     | Reached skill level 17 in Fighting
 14647 | D:14     | Found a gate to the Vaults.
 14852 | D:15     | Entered Level 15 of the Dungeon
 14908 | D:15     | Received a gift from Trog
 15048 | D:15     | Received a gift from Trog
 15063 | D:14     | Identified a scroll of acquirement
 15259 | Vaults:1 | Entered Level 1 of the Vaults
 15297 | Vaults:1 | Reached skill level 18 in Fighting
 15431 | Vaults:2 | Received a gift from Trog
 15472 | Vaults:1 | Reached skill level 19 in Fighting
 15480 | Vaults:1 | Reached XP level 19. HP: 192/199 MP: 23/23
 15563 | Vaults:2 | You fall through a shaft for 2 floors!
 15717 | Vaults:4 | Found Nulan's Book Boutique.
 15772 | Vaults:4 | Received a gift from Trog
 16031 | Vaults:4 | Received a gift from Trog
 16043 | Vaults:4 | Found Tarr's Antique Armour Shoppe.
 16060 | Vaults:4 | Bought a runed hat for 217 gold pieces
 16195 | Vaults:5 | Entered Level 5 of the Vaults
 16204 | Vaults:4 | Reached skill level 20 in Fighting
 16393 | Vaults:5 | Noticed a golden dragon
 16405 | Vaults:5 | Noticed an ancient lich
 16454 | Vaults:5 | Reached XP level 20. HP: 130/211 MP: 24/24
 16518 | Vaults:5 | Got a silver rune of Zot
 16711 | Vaults:5 | Killed an ancient lich
 16889 | Vaults:5 | Identified Roxanne's Handbook of Shifting Earth
 16929 | Vaults:5 | Identified the +5 plate armour of Music {*Slow rC+ MR+ Regen+ Int+3} (You found it on level 5 of the Vaults)
 17059 | Vaults:5 | Noticed a golden dragon
 17074 | Vaults:5 | Killed a golden dragon
 17181 | Vaults:5 | Reached skill level 21 in Fighting
 17316 | Vaults:5 | Reached XP level 21. HP: 223/223 MP: 25/25
 17445 | Vaults:5 | Killed a golden dragon
 17457 | Vaults:5 | Identified Terer's Volume of Good Luck and Venom
 17460 | Vaults:5 | Identified the ring of Kitinyen {MR++ EV+4} (You found it on level 5 of the Vaults)
 17470 | Vaults:5 | Got a steaming robe
 17497 | Vaults:5 | Identified the cursed +1 robe of Yghemm {Str+3} (You found it on level 5 of the Vaults)
 18127 | Vaults:3 | Got a warped large shield
 18194 | Vaults:3 | Identified the +7 large shield of the Tired Wonders {Dex+3} (You found it on level 3 of the Vaults)
 18239 | Vaults:2 | Found Muthryub's Distillery.
 18248 | Vaults:2 | Bought a potion of curing for 45 gold pieces
 18248 | Vaults:2 | Bought a potion of mutation for 120 gold pieces
 18248 | Vaults:2 | Bought a potion of magic for 120 gold pieces
 18248 | Vaults:2 | Bought a potion of resistance for 150 gold pieces
 18248 | Vaults:2 | Bought 2 potions of curing for 90 gold pieces
 18248 | Vaults:2 | Bought a potion of heal wounds for 75 gold pieces
 18248 | Vaults:2 | Bought 2 potions of berserk rage for 150 gold pieces
 18964 | Vaults:3 | Received a gift from Trog
 19062 | Vaults:3 | Noticed Sojobo
 19088 | Vaults:3 | Killed Sojobo
 19259 | Vaults:3 | Reached XP level 22. HP: 234/234 MP: 26/26
 19319 | Vaults:3 | Received a gift from Trog
 19718 | Temple   | Entered the Ecumenical Temple
 19725 | Temple   | Fell from the grace of Trog
 19725 | Temple   | Became a worshipper of the Shining One
 19767 | D:4      | Bought a scroll of enchant weapon for 75 gold pieces
 19767 | D:4      | Bought a scroll of identify for 20 gold pieces
 19767 | D:4      | Bought a scroll of enchant armour for 75 gold pieces
 19767 | D:4      | Bought a scroll of magic mapping for 35 gold pieces
 19767 | D:4      | Bought a scroll of enchant armour for 75 gold pieces
 20109 | Vaults:2 | Paralysed by a hornet for 1 turns
 20299 | Vaults:1 | Reached skill level 1 in Invocations
 20576 | Elf:1    | Entered Level 1 of the Elven Halls
 20795 | Elf:3    | Entered Level 3 of the Elven Halls
 20907 | Elf:3    | Reached * piety under the Shining One
 20990 | Elf:3    | Paralysed by Trog for 5 turns
 21065 | Elf:3    | Reached skill level 22 in Fighting
 21100 | Elf:3    | Reached skill level 5 in Invocations
 21111 | Elf:3    | Reached ** piety under the Shining One
 21243 | Elf:3    | Got a slimy granite ring
 21246 | Elf:3    | Identified the ring of Qifiri {*Tele rF+ Str+4} (You took it off a deep elf elementalist on level 3 of the Elven Halls)
 21301 | Elf:3    | Found the +0 mask of the Dragon {MR+ Slay+3 SInv}
 21333 | Elf:3    | Identified the cursed +1 broad axe of the Pits of Slime {chop, MR+ Dex+4 Stlth+} (You found it on level 3 of the Elven Halls)
 21744 | Elf:2    | Found an ancient bone altar of Kikubaaqudgha.
 21921 | Elf:2    | Found a runed gate.
 21921 | Elf:2    | Found a runed gate.
 21925 | Elf:2    | Found a runed gate.
 22003 | Elf:2    | Reached XP level 23. HP: 230/243 MP: 29/29
 22031 | Elf:2    | Found Egutain's Book Shoppe.
 22101 | Elf:1    | Reached *** piety under the Shining One
 22207 | Elf:1    | Identified the Guide on Black Secrets
 22261 | Elf:1    | Learned a level 1 spell: Apportation
 22264 | Elf:1    | Learned a level 2 spell: Sticks to Snakes
 22267 | Elf:1    | Learned a level 2 spell: Passwall
 22272 | Elf:1    | Learned a level 4 spell: Passage of Golubria
 22547 | Vaults:2 | Found a staircase to the Crypt.
 22555 | Crypt:1  | Entered Level 1 of the Crypt
 22594 | Crypt:1  | Reached **** piety under the Shining One
 22607 | Crypt:1  | Noticed Saint Roka
 22640 | Crypt:1  | Reached ***** piety under the Shining One
 22646 | Crypt:1  | Reached skill level 10 in Invocations
 22653 | Crypt:1  | Reached skill level 1 in Spellcasting
 22953 | Crypt:2  | Reached ****** piety under the Shining One
 22967 | Crypt:2  | Identified a +9 broad axe of holy wrath (a +9 broad axe of draining blessed by the Shining One)
 22967 | Crypt:2  | Received a gift from the Shining One
 23012 | Crypt:2  | Found a runed gate.
 23012 | Crypt:2  | Found a runed gate.
 23012 | Crypt:2  | Found a runed gate.
 23015 | Crypt:2  | Noticed Cunubiurch's ghost (veteran VSSu)
 23037 | Crypt:2  | Killed Cunubiurch's ghost
 23051 | Crypt:2  | Got a brightly glowing jade ring
 23059 | Crypt:2  | Identified the ring "Peghary" {rPois rF+ rC++ Int-5 Stlth+} (You found it on level 2 of the Crypt)
 23203 | Crypt:2  | Killed Saint Roka
 23379 | Crypt:3  | Entered Level 3 of the Crypt
 23467 | Crypt:3  | Reached skill level 1 in Translocations
 23540 | Crypt:3  | Found a staircase to the Tomb.
 23579 | Crypt:3  | Got a warped garnet amulet
 23581 | Crypt:3  | Identified the amulet "Ifep" {Reflect Str+4 SH+4} (You acquired it on level 3 of the Crypt)
 23588 | Crypt:3  | Upgraded the game from 0.22-a0-617-g6d95e9e to 0.22-a0-618-gd6a3efe
 23625 | Crypt:3  | Learned a level 1 spell: Summon Butterflies
 23651 | Crypt:3  | Reached skill level 1 in Throwing
 23730 | Crypt:3  | Reached skill level 5 in Spellcasting
 23767 | Crypt:3  | Identified the Tome of Unholy Secrets
 23811 | Crypt:3  | Found an ancient bone altar of Kikubaaqudgha.
 23812 | Crypt:3  | Noticed an ancient lich
 23817 | Crypt:3  | Killed an ancient lich
 23817 | Crypt:3  | Reached XP level 24. HP: 249/249 MP: 32/32
 24139 | Tomb:1   | Entered Level 1 of the Tomb of the Ancients
 24355 | Tomb:1   | Noticed a greater mummy
 24364 | Tomb:1   | Killed a greater mummy
 24364 | Tomb:1   | Reached skill level 15 in Shields
 24375 | Tomb:1   | Noticed a greater mummy
 24378 | Tomb:1   | Noticed a greater mummy
 24825 | Tomb:2   | Reached skill level 5 in Throwing
 24831 | Tomb:2   | Noticed a greater mummy
 24851 | Tomb:2   | Killed a greater mummy
 24861 | Tomb:2   | Noticed a greater mummy
 24874 | Tomb:2   | Killed a greater mummy
 24925 | Tomb:2   | Noticed an ancient lich
 24929 | Tomb:2   | Noticed a greater mummy
 24938 | Tomb:2   | Killed a greater mummy
 24938 | Tomb:2   | Reached skill level 5 in Translocations
 24946 | Tomb:2   | Killed an ancient lich
 24946 | Tomb:2   | HP: 8/252 [guardian mummy's death curse (27)]
 24961 | Tomb:2   | HP: 12/252 [guardian mummy's death curse (26)]
 25388 | Tomb:2   | Learned a level 2 spell: Blink
 25392 | Tomb:2   | Learned a level 3 spell: Lesser Beckoning
 25402 | Tomb:3   | Entered Level 3 of the Tomb of the Ancients
 25426 | Tomb:3   | Reached XP level 25. HP: 72/254 MP: 30/34
 25435 | Tomb:2   | Reached skill level 15 in Invocations
 25602 | Tomb:2   | Gained mutation: You tend to lose your temper in combat. [a neqoxec]
 25627 | Tomb:3   | Noticed an ancient lich
 25628 | Tomb:3   | Noticed a greater mummy
 25628 | Tomb:3   | Noticed a greater mummy
 25642 | Tomb:3   | Noticed a greater mummy
 25643 | Tomb:3   | Noticed a greater mummy
 25644 | Tomb:3   | Killed a greater mummy
 25646 | Tomb:3   | Killed an ancient lich
 25650 | Tomb:3   | Noticed an ancient lich
 25650 | Tomb:3   | Noticed a greater mummy
 25650 | Tomb:3   | Noticed a greater mummy
 25680 | Tomb:2   | Lost mutation: You tend to lose your temper in combat. [potion of mutation]
 25680 | Tomb:2   | Gained mutation: You are occasionally teleported next to monsters. [potion of mutation]
 25680 | Tomb:2   | Gained mutation: You have a pair of small horns on your head. [potion of mutation]
 25681 | Tomb:2   | Lost mutation: You have a pair of small horns on your head. [potion of mutation]
 25681 | Tomb:2   | Lost mutation: You are occasionally teleported next to monsters. [potion of mutation]
 25681 | Tomb:2   | Gained mutation: You are partially covered in iridescent scales. (AC +2) [potion of mutation]
 25681 | Tomb:2   | Gained mutation: Your body sometimes deteriorates upon taking damage. [potion of mutation]
 25681 | Tomb:2   | Gained mutation: Your skin changes colour to match your surroundings (Stealth+). [potion of mutation]
 25867 | Tomb:3   | Noticed Khufu
 26549 | D:15     | Found a shattered altar of Ashenzari.
 26656 | D:15     | Found a staircase to the Depths.
 26665 | Depths:1 | Entered Level 1 of the Depths
 26742 | Depths:1 | Reached skill level 10 in Armour
 26760 | Depths:1 | Found a gateway to Hell.
 27229 | Depths:2 | Was forgiven by Trog
 27299 | Depths:2 | Reached skill level 1 in Transmutations
 27299 | Depths:2 | Reached skill level 1 in Earth Magic
 27305 | Depths:2 | Reached XP level 26. HP: 203/268 MP: 7/36
 27956 | Depths:2 | Noticed Aizul
 27983 | Depths:2 | Killed Aizul
 27988 | Depths:2 | Reached skill level 5 in Transmutations
 27988 | Depths:2 | Reached skill level 5 in Earth Magic
 28077 | Depths:2 | Reached skill level 10 in Spellcasting
 28194 | Depths:3 | Noticed a juggernaut
 28198 | Depths:3 | Paralysed by a floating eye for 2 turns
 28600 | Depths:4 | Reached XP level 27. HP: 160/277 MP: 26/37
 28635 | Depths:4 | Found a one-way gate to the infinite horrors of the Abyss.
 28706 | Depths:4 | Identified the amulet of Nices {+Rage rN+} (You acquired it on level 4 of the Depths)
 28838 | Depths:4 | Found a gateway to a ziggurat.
 28971 | Depths:4 | Reached skill level 10 in Earth Magic
 28986 | Depths:4 | Reached skill level 10 in Transmutations
 29027 | Depths:5 | Entered Level 5 of the Depths
 29223 | Depths:5 | Identified the ring of Iffidefi {Ice +Inv} (You acquired it on level 5 of the Depths)
 29556 | Depths:3 | Found a corrupted altar of Lugonu.
 29616 | Depths:3 | Identified the cursed +1 robe of Spite {MR+ Str+4 Dex-5 Stlth+} (You found it on level 3 of the Depths)
 29742 | Depths:2 | Killed a juggernaut
 30144 | Orc:2    | Bought a potion of ambrosia for 128 gold pieces
 30144 | Orc:2    | Bought a potion of curing for 48 gold pieces
 30144 | Orc:2    | Bought a potion of magic for 128 gold pieces
 30144 | Orc:2    | Bought a potion of curing for 48 gold pieces
 30144 | Orc:2    | Bought 2 potions of haste for 320 gold pieces
 30144 | Orc:2    | Bought a potion of curing for 48 gold pieces
 30146 | Orc:2    | Bought a scroll of blinking for 105 gold pieces
 30146 | Orc:2    | Bought a scroll of teleportation for 42 gold pieces
 30146 | Orc:2    | Bought a scroll of holy word for 105 gold pieces
 30146 | Orc:2    | Bought a scroll of identify for 28 gold pieces
 30146 | Orc:2    | Bought a scroll of teleportation for 42 gold pieces
 30175 | Orc:2    | Bought a crude robe for 193 gold pieces
 30175 | Orc:2    | Identified the cursed +1 robe "Diasusea" {+Fly rElec Regen+ Str-3} (You bought it in a shop on level 2 of the Orcish Mines)
 30197 | Orc:2    | Learned a level 6 spell: Statue Form
 30308 | D:11     | Bought 2 potions of berserk rage for 150 gold pieces
 30308 | D:11     | Bought a potion of agility for 60 gold pieces
 30308 | D:11     | Bought a potion of resistance for 150 gold pieces
 30308 | D:11     | Bought a potion of haste for 150 gold pieces
 30308 | D:11     | Bought a potion of brilliance for 60 gold pieces
 30309 | D:11     | Bought a potion of flight for 45 gold pieces
 30699 | Tomb:1   | Killed a greater mummy
 30800 | Tomb:1   | Noticed a greater mummy
 30800 | Tomb:1   | Noticed a greater mummy
 30800 | Tomb:1   | Noticed a greater mummy
 30800 | Tomb:1   | Noticed a greater mummy
 30800 | Tomb:1   | Noticed a greater mummy
 30800 | Tomb:1   | Noticed a greater mummy
 30805 | Tomb:1   | Noticed a greater mummy
 30807 | Tomb:1   | Killed a greater mummy
 30812 | Tomb:1   | Killed a greater mummy
 30813 | Tomb:1   | Killed a greater mummy
 30815 | Tomb:1   | Killed a greater mummy
 30815 | Tomb:1   | HP: 10/360 [greater mummy (16)]
 30816 | Tomb:1   | Noticed a greater mummy
 30816 | Tomb:1   | HP: 2/360 [greater mummy/divine providence (9)]
 30817 | Tomb:1   | Killed from afar by a greater mummy

Vault maps used:
D:1:      sevenhm_arrival_forest_fort_large_4
D:2:      minmay_misc_feat_secret_circle, uniq_terence, uniq_robin,
          uniq_crazy_yiuf_cottage
D:3:      kennysheep_generic_room_15, uniq_jessica
D:4:      minmay_temple_entry_statues_pillars, serial_shops,
          kennysheep_mini_moat, st_stairs_5, uniq_eustachio
D:5:      kennysheep_spiral_hall, first_ration
D:6:      vehumet_altar_wand_db, hangedman_abyss_or_decor_stagger
D:7:      ebering_ghost_reflecting_pool, supply_closet_lemuel, the_bakery
D:8:      eino_curves_02
D:9:      nicolae_elemental_shop
D:10:     zombieorc2_lemuel, lemuel_centaur_altar, uniq_maurice
D:11:     lair_entry_dummy, serial_shops, shop_statue, roderic_lattice_a,
          minmay_guarded_unrand_resistance
D:12:     eino_jars, uniq_urug
D:13:     serial_shops, nicolae_shop_trees, minmay_statues_item,
          corexii_leaking_fountain, fedhas_altar_fruit_tree
D:14:     david_vaults_1, serial_co_window_serial, co_window_of_opportunity_a,
          co_window_corner_a, co_window_corner_a, co_window_of_opportunity_a,
          co_window_paths_a, co_window_2corner, co_window_broadway_c,
          co_window_2corner, co_window_2corner, co_window_unsneaky_path_d,
          co_window_2corner, co_window_2corner, glass_columns_b,
          glass_columns_a, glass_columns_a, hex_intersection
D:15:     gammafunk_enter_depths_forms, ashenzari_altar_1
Temple:   dpeg_three_leaves_temple
Lair:1:   lab_entry_generic, worms_lemuel, infiniplex_staircase_pool,
          lemuel_fruit_tree, serial_bayou_shore_a
Lair:2:   small_statue_intersection, grunt_megastairs_5
Lair:3:   nicolae_spider_entry_tight_spaces, grunt_megastairs_4
Lair:4:   elwin_shoals_entry_rocks
Lair:5:   grunt_megastairs_3
Lair:6:   minmay_lair_end_enchanted_forest, minmay_slime_entry_pillars,
          grunt_megastairs_1
Shoals:2: nicolae_island_escapes, uniq_frances, uniq_kirke
Shoals:4: shoals_end_grunt_ice, uniq_polyphemus
Spider:1: spider_trap
Spider:3: nicolae_spider_mines_1, portal_ice_cave_entry_pillars_2,
          spiders_nest_the_unseen
Spider:4: floodkiller_spider_rune_tomb, uniq_bai_suzhen
Orc:1:    nicolae_orc_accident_2, gammafunk_ghost_arena, uniq_snorg
Orc:2:    pf_orc_diabolical, uniq_sonja
Elf:1:    minmay_elf_necromancy
Elf:2:    basic_altar, serial_shops, shop
Elf:3:    minmay_elf_hall_spiked, grunt_ministairs_7
Vaults:1: v_misc_10, v_misc_14, nicolae_vaults_network_barrier,
          nicolae_vaults_theta, vaults_room_door_hall, vaults_mumra_chevron,
          v_misc_23, nicolae_vaults_little_ls, v_misc_24,
          ontoclasm_vaults_tryst, nicolae_vaults_network_quinsquares,
          v_pattern_2, st_lattice, nicolae_vaults_yaktaur_gun_rack,
          serial_shops, shop, portal_desolation_entry_nicolae_nacl
Vaults:2: ontoclasm_vaults_ring_square, minmay_crypt_entry_vampire_xt,
          ontoclasm_vaults_misaligned, vaults_room_door_hall, v_pattern_5,
          v_misc_25, nicolae_vaults_network_square, vaults_dpeg_hooks,
          hangedman_vaults_cutoff, v_misc_15, vaults_room_fours, serial_shops,
          shop
Vaults:3: v_misc_12, vaults_room_door_hall, nicolae_vaults_murderbox,
          ontoclasm_vaults_loading_screen, nicolae_vaults_mini_display_case,
          v_rooms_4, v_misc_16, hangedman_vaults_slice,
          vaults_room_stairs_pillars, v_misc_17,
          nicolae_vaults_little_squares_6, v_misc_28, v_alt_pattern_3,
          ontoclasm_vaults_gateway, uniq_sojobo
Vaults:4: nicolae_vaults_good_morning_starshine, hangedman_vaults_restitches,
          nicolae_vaults_three_branches, v_misc_17, ontoclasm_vaults_eye,
          vaults_dpeg_spiral, ontoclasm_vaults_twist, hangedman_vaults_capsules,
          vaults_dpeg_ring, grunt_vaults_focal, v_misc_24,
          ontoclasm_vaults_shuriken, v_misc_22, vaults_mumra_minichess,
          dpeg_vaults_monster_box, serial_shops, nicolae_shop_stone,
          nicolae_shop_waterfront
Crypt:1:  grunt_crypt_arrival_split, uniq_frederick, uniq_saint_roka
Crypt:2:  gammafunk_ghost_spectres
Crypt:3:  cryptofortress_bobbens
Depths:1: grunt_hell_entry_demonic_statue, kennysheep_inner_square
Depths:2: hangedman_grunt_twisty_little_passages, hell_entry, minivault_11,
          grunt_pan_entry_spiral, uniq_aizul
Depths:3: grunt_crosshair, hell_entry, minmay_strange_pillars,
          abyss_entry_flame_altar, pan_entry, lightli_corner_chamber,
          infiniplex_staircase_pool_2
Depths:4: minmay_the_grid_square_5x5_4x4, ziggurat_fallback, serial_shops,
          shop_fountains, grunt_decor_clamped, abyss_entry, hell_entry
Depths:5: grunt_zot_entry_alcove, hangedman_decor_diamond_cutter,
          hangedman_coc_ice_floe
Lab:      labyrinth_spiral
IceCv:    ice_cave_small_demon

Skill      XL: |  1  2  3  4  5  6  7  8  9 10 11 12 13 14 15 16 17 18 19 20 21 22 23 24 25 26 27 |
---------------+----------------------------------------------------------------------------------+-----
Stealth        | 1 2 3 4 5 7 9 10 12 13 15 16 17 | 17.0
Armour         | 2 3 4 5 6 7 8 9 10 11 | 11.0
Axes           | 4 5 6 7 9 10 11 13 14 15 16 17 18 19 20 | 20.0
Fighting       | 4 5 6 7 8 9 11 12 13 16 19 20 21 22 | 22.0
Shields        | 2 3 4 5 6 8 9 10 12 13 14 15 | 15.0
Evocations     | 4 5 6 |  6.0
Dodging        | 2 4 5 7 9 |  9.0
Invocations    | 9 12 14 17 18 | 18.8
Spellcasting   | 5 7 9 10 11 | 11.9
Translocations | 3 6 8 |  8.0
Throwing       | 2 6 |  6.1
Transmutations | 1 8 12 | 12.0
Earth Magic    | 1 8 12 | 12.0

Action                   |  1- 3 |  4- 6 |  7- 9 | 10-12 | 13-15 | 16-18 | 19-21 | 22-24 | 25-27 || total
-------------------------+-------+-------+-------+-------+-------+-------+-------+-------+-------++-------
Melee: Hand axe          |    65 |    57 |    54 |       |       |       |       |       |       ||   176
       War axe           |       |       |   324 |   361 |       |       |       |       |       ||   685
       Broad axe         |       |       |       |   247 |   772 |  1137 |  1051 |  1259 |  1261 ||  5727
       Constrict         |       |       |       |       |   170 |   213 |   151 |   256 |   177 ||   967
       Morningstar       |       |       |       |       |     7 |       |       |       |       ||     7
 Cast: Statue Form       |       |       |       |       |       |       |       |       |     2 ||     2
Invok: Berserk           |     4 |     4 |    15 |    16 |    11 |    11 |     3 |       |       ||    64
       Trog's Hand       |       |       |     3 |    13 |    25 |    49 |    36 |       |       ||   126
       Brothers in Arms  |       |       |       |     4 |     7 |     2 |     7 |       |       ||    20
       Cleansing Flame   |       |       |       |       |       |       |       |    19 |    34 ||    53
       Brand Weapon With |       |       |       |       |       |       |       |     1 |       ||     1
       Summon Divine War |       |       |       |       |       |       |       |     6 |     9 ||    15
 Abil: Spit Poison       |     5 |     3 |     8 |     5 |     2 |     6 |     1 |       |       ||    30
       Stop Flying       |       |       |       |       |       |       |     1 |       |       ||     1
Evoke: Wand              |       |       |     3 |     4 |    35 |    41 |       |     2 |       ||    85
  Use: Scroll            |       |     1 |     4 |    11 |    16 |    19 |     9 |    30 |    22 ||   112
       Potion            |       |       |       |       |     4 |     8 |       |    12 |     7 ||    31
 Stab: Sleeping          |       |       |       |     9 |    24 |    39 |    10 |       |       ||    82
       Distracted        |       |       |       |     1 |     3 |     5 |     2 |       |       ||    11
       Petrified         |       |       |       |       |     2 |       |       |       |       ||     2
       Invisible         |       |       |       |       |     4 |     7 |       |       |       ||    11
       Betrayed ally     |       |       |       |       |     1 |       |       |       |       ||     1
       Held in net/web   |       |       |       |       |       |     1 |       |       |       ||     1
       Paralysed         |       |       |       |       |       |     2 |       |       |       ||     2
  Eat: Chunk             |     2 |     3 |    21 |    35 |    19 |    22 |    19 |     7 |     2 ||   130
       Ration            |       |       |     3 |       |     5 |     7 |     4 |     5 |     7 ||    31
Armor: Animal skin       |     5 |       |       |       |       |       |       |       |       ||     5
       Ring mail         |     6 |    45 |    16 |       |       |       |       |       |       ||    67
       Chain mail        |       |       |   170 |       |       |       |       |       |       ||   170
       Plate armour      |       |       |   119 |    29 |    71 |       |       |   261 |       ||   480
       Leather armour    |       |       |       |   299 |   175 |   133 |       |       |       ||   607
       Scale mail        |       |       |       |       |   295 |   378 |    63 |       |       ||   736
       Storm dragon scal |       |       |       |       |       |    90 |   309 |   166 |   590 ||  1155
       Robe              |       |       |       |       |       |       |       |       |     6 ||     6
       Skin              |       |       |       |       |       |       |       |       |     5 ||     5
Dodge: Dodged            |    34 |    36 |   111 |   274 |   268 |   440 |   246 |   275 |   398 ||  2082
Block: Buckler           |       |       |    46 |   134 |     2 |       |       |       |       ||   182
       Shield            |       |       |       |       |   508 |   816 |   426 |       |       ||  1750
       Large shield      |       |       |       |       |       |       |   261 |  1533 |  1670 ||  3464

Table legend:
 A = Spawn XP
 B = Non-spawn XP
 C = Spawn XP percentage of total XP
 D = Spawn monster count
 E = Non-spawn monster count
 F = Spawn count percentage of total count
 G = Total turns spent on level
                    A         B        C        D         E        F      G
               +---------+---------+-------+---------+---------+-------+---------
         Total |       0 | 1442057 |   0.0 |       0 |    2416 |   0.0 | 30817
               +---------+---------+-------+---------+---------+-------+---------
           D:1 |       0 |      24 |   0.0 |       0 |      14 |   0.0 |   315
           D:2 |       0 |       5 |   0.0 |       0 |       4 |   0.0 |    74
           D:3 |       0 |      93 |   0.0 |       0 |      13 |   0.0 |   263
           D:4 |       0 |     575 |   0.0 |       0 |      13 |   0.0 |   357
           D:5 |       0 |     100 |   0.0 |       0 |       9 |   0.0 |   512
           D:6 |       0 |    1132 |   0.0 |       0 |      28 |   0.0 |   545
           D:7 |       0 |    2987 |   0.0 |       0 |      37 |   0.0 |   677
           D:8 |       0 |    1716 |   0.0 |       0 |      17 |   0.0 |   566
           D:9 |       0 |    4926 |   0.0 |       0 |      44 |   0.0 |   603
          D:10 |       0 |    5751 |   0.0 |       0 |      73 |   0.0 |   912
          D:11 |       0 |    6780 |   0.0 |       0 |      19 |   0.0 |   640
          D:12 |       0 |    9012 |   0.0 |       0 |      42 |   0.0 |   650
          D:13 |       0 |    6677 |   0.0 |       0 |      17 |   0.0 |   588
          D:14 |       0 |    9652 |   0.0 |       0 |      24 |   0.0 |   640
          D:15 |       0 |   22980 |   0.0 |       0 |      63 |   0.0 |   510
        Lair:1 |       0 |    3035 |   0.0 |       0 |      14 |   0.0 |   336
        Lair:2 |       0 |    1622 |   0.0 |       0 |       8 |   0.0 |   333
        Lair:3 |       0 |    9671 |   0.0 |       0 |      36 |   0.0 |   505
        Lair:4 |       0 |    5208 |   0.0 |       0 |      22 |   0.0 |   434
        Lair:5 |       0 |    1151 |   0.0 |       0 |       5 |   0.0 |   257
        Lair:6 |       0 |   14027 |   0.0 |       0 |      65 |   0.0 |   620
      Shoals:1 |       0 |    9211 |   0.0 |       0 |      20 |   0.0 |   345
      Shoals:2 |       0 |   16285 |   0.0 |       0 |      26 |   0.0 |   451
      Shoals:3 |       0 |   21733 |   0.0 |       0 |      39 |   0.0 |   560
      Shoals:4 |       0 |   34007 |   0.0 |       0 |      54 |   0.0 |   824
      Spider:1 |       0 |    4810 |   0.0 |       0 |      20 |   0.0 |   295
      Spider:2 |       0 |   14360 |   0.0 |       0 |      42 |   0.0 |   422
      Spider:3 |       0 |   19380 |   0.0 |       0 |      55 |   0.0 |   539
      Spider:4 |       0 |   44276 |   0.0 |       0 |      84 |   0.0 |  1016
         Orc:1 |       0 |    5170 |   0.0 |       0 |      31 |   0.0 |   444
         Orc:2 |       0 |   15446 |   0.0 |       0 |      77 |   0.0 |  1108
         Elf:1 |       0 |   18467 |   0.0 |       0 |      35 |   0.0 |   502
         Elf:2 |       0 |   23881 |   0.0 |       0 |      36 |   0.0 |   402
         Elf:3 |       0 |   50897 |   0.0 |       0 |      39 |   0.0 |   793
      Vaults:1 |       0 |   32207 |   0.0 |       0 |      42 |   0.0 |   445
      Vaults:2 |       0 |   45973 |   0.0 |       0 |      81 |   0.0 |  1329
      Vaults:3 |       0 |   72040 |   0.0 |       0 |      98 |   0.0 |   892
      Vaults:4 |       0 |   78576 |   0.0 |       0 |     116 |   0.0 |  1045
      Vaults:5 |       0 |  116121 |   0.0 |       0 |     101 |   0.0 |  1177
       Crypt:1 |       0 |   25158 |   0.0 |       0 |      47 |   0.0 |   509
       Crypt:2 |       0 |   38971 |   0.0 |       0 |      47 |   0.0 |   627
       Crypt:3 |       0 |   62944 |   0.0 |       0 |      79 |   0.0 |   853
        Tomb:1 |       0 |   76192 |   0.0 |       0 |      84 |   0.0 |   956
        Tomb:2 |       0 |   55509 |   0.0 |       0 |      77 |   0.0 |  1046
        Tomb:3 |       0 |   60268 |   0.0 |       0 |      81 |   0.0 |    90
      Depths:1 |       0 |   42086 |   0.0 |       0 |      64 |   0.0 |   434
      Depths:2 |       0 |  156368 |   0.0 |       0 |     147 |   0.0 |  1231
      Depths:3 |       0 |   67879 |   0.0 |       0 |      76 |   0.0 |   518
      Depths:4 |       0 |   85141 |   0.0 |       0 |      89 |   0.0 |   613
      Depths:5 |       0 |   34525 |   0.0 |       0 |      32 |   0.0 |   411
           Lab |       0 |     608 |   0.0 |       0 |       1 |   0.0 |   259
         IceCv |       0 |    6444 |   0.0 |       0 |      29 |   0.0 |   329
               +---------+---------+-------+---------+---------+-------+---------
